 Dungeon Crawl Stone Soup version 0.17-a0-1262-gd250d98 (webtiles) character file.

430456 patman the Warrior (level 22, 0/191 HPs)
             Began as a Centaur Chaos Knight on June 3, 2015.
             Slain by a quasit (1 damage)
             ... summoned by Xom
             ... while paralysed by you
             ... on level 5 of the Vaults on June 6, 2015.
             The game lasted 04:16:28 (56487 turns).

patman the Warrior (Centaur Chaos Knight)          Turns: 56487, Time: 04:16:28

Health: 0/191      AC:  0    Str: 21      XL:     22   Next: 83%
Magic:  22/22      EV:  7    Int: 12      God:    Xom [....*.]
Gold:   452        SH:  0    Dex:  7 (12) Spells: 4 memorised, 14 levels left

rFire  . . .     SeeInvis .     (weapon currently unavailable)
rCold  . . .     Clarity  .     (armour currently unavailable)
rNeg   . . .     SustAt   .     (shield currently unavailable)
rPois  .         Gourm    .     (helmet currently unavailable)
rElec  .         Spirit   .     (cloak currently unavailable)
rCorr  .         Warding  .     (gloves currently unavailable)
rMut   .         Stasis   .     (no barding)
MR     +....                    (amulet currently unavailable)
Stlth  +.........               (ring currently unavailable)
                                (ring currently unavailable)

@: paralysed, porcupine-form, very slightly contaminated, hasted and slowed,
quick, somewhat resistant to hostile enchantments, very unstealthy
A: (antennae 0), (hooves 0), repulsion field 1, rugged brown scales 1,
(camouflage 0), (deformed body), (speed 0), frail 1, mutation resistance 1,
(tough skin 0)
a: Renounce Religion
}: 2/15 runes: serpentine, barnacled


You were on level 5 of the Vaults.
You worshipped Xom.
You were a beloved toy of Xom.
You were not hungry.
You were a spiny porcupine.
You visited 7 branches of the dungeon, and saw 42 of its levels.
You also visited: Labyrinth and Ice Cave.

You collected 5775 gold pieces.
You spent 5323 gold pieces at shops.

Inventory:

Hand weapons
 a - a +9 eveningstar of protection (melded)
 b - a +2 antimagic demon whip
Armour
 i - a cursed +4 centaur barding of flying (melded)
 m - the +2 pair of fencer's gloves (melded) {LBl+4 SBl+4 EV+3 Dex+6}
   (You bought it in a shop on level 4 of the Orcish Mines)

   It affects your evasion (+3).
   It affects your dexterity (+6).
 v - a +1 hat (melded)
 z - the +15 Maxwell's patent armour {-Cast -Tele rElec MR+ rCorr}
   (You found it on level 4 of the Shoals)

   It insulates you from electricity.
   It affects your resistance to hostile enchantments.
   It prevents spellcasting.
   It prevents most forms of teleportation.
   It protects you from acid and corrosion.
 N - a +6 plate armour of fire resistance (melded)
 Q - the +2 cloak of Free Will (melded) {MP+9}
   (You acquired it on level 5 of the Lair of Beasts)

   It affects your magic capacity (+9).
 X - a +2 large shield (melded)
Jewellery
 q - an uncursed ring of see invisible
 t - a +5 ring of evasion (melded)
 u - the amulet of Afucvuro {Spirit rElec rC+ Stlth-}
   (Xom gifted it to you on level 3 of the Orcish Mines)

   [amulet of guardian spirit]

   It causes incoming damage to be split between your health and magic.
   It protects you from cold.
   It insulates you from electricity.
   It makes you less stealthy.
 w - an uncursed ring of protection from cold
 x - an uncursed ring of protection from fire
 A - the ring "Xalumosh" {rF+ rC+ Str-4 Int+2}
   (You bought it in a shop on level 3 of the Vaults)

   [ring of protection from cold]

   It affects your strength (-4).
   It affects your intelligence (+2).
   It protects you from fire.
   It protects you from cold.
 C - an uncursed ring of poison resistance
 E - an uncursed amulet of resist mutation
 F - an amulet of regeneration (melded)
 R - an uncursed amulet of clarity
 V - a ring of protection from magic (melded)
 Z - an uncursed ring of wizardry
Magical devices
 n - a wand of teleportation (6)
 o - a wand of teleportation (5)
 y - a wand of hasting (1)
 B - a wand of hasting (5)
 H - a wand of disintegration (12)
 T - a wand of digging (4)
 Y - a wand of disintegration (10)
Scrolls
 d - 7 scrolls of magic mapping
 j - a scroll of enchant weapon
 l - 23 scrolls of remove curse
 s - 2 scrolls of fog
 D - 5 scrolls of recharging
 G - 3 scrolls of summoning
 K - 8 scrolls of identify
 L - 3 scrolls of brand weapon
 M - 2 scrolls of silence
 O - 9 scrolls of fear
Potions
 e - a potion of heal wounds
 f - 8 potions of brilliance
 g - 2 potions of magic
 h - 4 potions of cancellation
 k - 5 potions of curing
 p - 4 potions of resistance
 I - a potion of agility
 P - a potion of invisibility
 W - a potion of might
Comestibles
 c - 31 bread rations
 r - 5 meat rations
 S - 24 fruits


   Skills:
 * Level 19.6 Fighting
 - Level 16.7 Maces & Flails
 * Level 17.5 Armour
 - Level 0.6 Dodging
 - Level 15.3 Shields


You had 14 spell levels left.
You knew the following spells:

 Your Spells              Type           Power        Failure   Level  Hunger
a - Regeneration          Chrm/Necr      #.........   88%         3    ####...
b - Apportation           Tloc           #.........   34%         1    ##.....
c - Summon Butterflies    Summ           #.......     34%         1    ##.....
d - Blink                 Tloc           N/A          52%         2    ###....


Dungeon Overview and Level Annotations

Branches:
Dungeon (15/15)            Temple (0/1) D:4            Lair (8/8) D:11
 Shoals (4/4) Lair:3        Snake (4/4) Lair:4        Slime (0/6) Lair:6
    Orc (4/4) D:12            Elf (0/3) Orc:3        Vaults (5/5) D:13
  Crypt (0/3) Vaults:3     Depths (2/5) D:15

Altars:
Cheibriados
Dithmenos
Elyvilon
Fedhas
Gozag
Makhleb
Okawaru
Qazlal
Vehumet
Xom
Zin
The Shining One

Shops:
D:4 :   D:5 ((*(   D:6 (   D:9 :*   D:15 *   Orc:1 !   Orc:4 ([![   Shoals:3 [
Vaults:1 %   Vaults:2 :   Vaults:3 (=*(=   Vaults:4 *

Portals:
Hell: Depths:1 Depths:2

Annotations:
D:3 patman's ghost, average CeCK
D:8 exclusions: electric eel and 4 more exclusions
Shoals:2 Polyphemus


Innate Abilities, Weirdness & Mutations

((You have hooves in place of feet.))
((Armour fits poorly on your strangely shaped body.))
((You cover ground very quickly.))
((You have extremely tough skin (AC +3).))
((You have a pair of antennae on your head.))
You are surrounded by a mild repulsion field (EV +2).
(You are partially covered in rugged brown scales (AC +1, +3% HP).)
((Your skin changes colour to match your surroundings (Stealth).))
You are frail (-10% HP).
You are somewhat resistant to further mutation.


Message History

The shadow imp is struck by your spines.
The shadow imp hits you.
* * * LOW HITPOINT WARNING * * *
The quasit barely misses you. The quasit claws you.
* * * LOW HITPOINT WARNING * * *
You feel clumsy. The quasit claws you.
* * * LOW HITPOINT WARNING * * *
You feel clumsy.
The red devil hits you from afar with a trident!
* * * LOW HITPOINT WARNING * * *
The vault warden is struck by your spines.
The vault warden hits you with a battleaxe!!
* * * LOW HITPOINT WARNING * * *
Xom roars with laughter!
The quasit bites you.
* * * LOW HITPOINT WARNING * * *
The quasit claws you.
You die...
Xom chortles!

############********
#...........,,,,,,,,
#.........,,,,,,,,,,
#4.5...#************
#55555.#*#####******
#55rp5.##.....,,,,,,
#55###........,,,,,,
#..###........,,,,,,
#..##...)..###******
#..##......#,,,,,,,,
#..##....###,,*****,
#).##....#,,,,*,,,*,
#..##....#,,**,,,,,*
#..##....#,,*,,,,,,,


You could see a vault warden, a red devil, 4 iron imps, a quasit, a crimson imp,
2 white imps, 2 shadow imps and an ufetubus.

Vanquished Creatures
  Mara (twice) (Shoals:4)
  Mennas (Vaults:4)
  Sojobo (Vaults:4)
  Margery (Vaults:4)
  Saint Roka (Vaults:4)
  Xtahua (Vaults:4)
  5 liches
  Rupert (Lair:7)
  2 tentacled monstrosities
  A titan (Vaults:5)
  A quicksilver dragon (Vaults:5)
  A kraken (Shoals:4)
  An octopode crusher (Depths:1)
  3 sphinxes
  Agnes (Snake:1)
  4 shadow dragons
  9 greater nagas
  2 storm dragons
  2 tengu reavers (Vaults:4)
  Ilsuiw (Shoals:4)
  A fire giant (shapeshifter) (D:11)
  A deep elf sorcerer (Vaults:1)
  2 orc warlords
  2 frost giants
  Maud (D:13)
  4 fire giants
  A curse skull (Vaults:3)
  7 vault wardens
  7 ironheart preservers
  7 stone giants
  9 very ugly things
  2 vampire knights (Depths:1)
  A deep elf annihilator (Vaults:5)
  5 merfolk javelineers
  Snorg (Lair:3)
  4 ettins
  31 vault guards
  4 fire dragons
  8 merfolk impalers
  8 yaktaur captains
  A minotaur (Lab)
  4 ice dragons
  4 rakshasas
  2 deep elf high priests
  5 hydras
  10 naga warriors
  2 entropy weavers
  3 great orbs of eyes
  17 anacondas
  5 salamander stormcallers
  Erica (Lair:1)
  4 catoblepae
  2 merfolk avatars (Shoals:4)
  An alligator snapping turtle (Shoals:4)
  8 merfolk aquamancers
  A satyr (Shoals:4)
  9 centaur warriors
  4 deep troll shamans
  13 death yaks
  11 ogre magi
  2 queen ants
  7 shock serpents
  4 tengu warriors (Depths:1)
  15 naga sharpshooters
  Urug (Lair:3)
  3 vampire magi
  11 hell knights
  2 deep troll earth magi (Depths:1)
  A storm dragon zombie (Depths:1)
  A soul eater (D:15)
  14 slime creatures
  A salamander mystic (Snake:4)
  2 iron trolls
  5 deep elf knights
  A shadow wraith (Vaults:3)
  A fire crab (Vaults:3)
  2 unseen horrors
  3 skeletal warriors
  18 sea snakes
  13 ironbrand convokers
  12 deep trolls
  A death drake (Shoals:1)
  2 giant orange brains
  14 orc knights
  An unseen horror (shapeshifter) (Vaults:2)
  3 phantasmal warriors (Depths:1)
  A hill giant (shapeshifter) (Lair:2)
  3 ice statues (IceCv)
  An obsidian statue (D:13)
  3 naga ritualists
  Pikel (D:5)
  10 hill giants
  A lindwurm (Lair:6)
  3 hornets
  A wizard (Vaults:2)
  2 flayed ghosts
  5 necromancers
  5 orc sorcerers
  31 ugly things
  3 deep elf conjurers
  6 mana vipers
  A hornet (shapeshifter) (Depths:1)
  10 fauns
  16 harpies
  3 wolf spiders
  15 griffons
  10 guardian serpents
  9 manticores
  A black mamba (shapeshifter) (D:4)
  An octopode (shapeshifter) (D:15)
  3 salamanders
  28 black mambas
  An octopode (Shoals:4)
  4 cyclopes
  Maurice (D:9)
  6 water nymphs
  A rust devil (D:15)
  An eye of devastation (Vaults:1)
  An eye of devastation (shapeshifter) (Vaults:1)
  21 elephants
  5 sirens
  18 naga magi
  11 spiny frogs
  4 centaur zombies
  A torpor snail (Lair:2)
  5 vault sentinels
  2 centaur skeletons
  3 gargoyles
  35 yaktaurs
  An efreet (D:15)
  A kobold demonologist (D:15)
  9 komodo dragons
  5 freezing wraiths
  A harpy zombie (D:15)
  2 tengu conjurers
  A blue devil (D:9)
  A queen bee (Lair:3)
  A wandering mushroom (Lab)
  17 two-headed ogres
  16 trolls
  20 merfolk
  A two-headed ogre (shapeshifter) (Vaults:2)
  A polar bear (shapeshifter) (Depths:1)
  Grinder (D:6)
  A minotaur skeleton (Lab)
  5 wind drakes
  10 ravens
  A tengu simulacrum (Vaults:3)
  6 boulder beetles
  5 snapping turtles
  A fire giant simulacrum (Vaults:2)
  A fire dragon zombie (Depths:1)
  2 trapdoor spiders (Lab)
  17 blink frogs
  4 redbacks
  A spriggan (shapeshifter) (Vaults:3)
  15 water elementals
  3 wraiths
  An elf zombie (Vaults:1)
  A wyvern (shapeshifter) (Vaults:5)
  6 deep elf magi
  A fire bat (shapeshifter) (Depths:1)
  4 tarantellas
  2 shadows (Lab)
  The ghost of patman the Cudgeler, an average CeCK of Xom (D:4)
  A human (shapeshifter) (Vaults:3)
  56 yaks
  A golden eye (shapeshifter) (D:15)
  A basilisk (shapeshifter) (Vaults:1)
  9 deep elf fighters
  15 humans
  A steam dragon (Lair:7)
  8 vampire mosquitoes
  3 hungry ghosts
  4 basilisks
  Menkaure (D:7)
  14 hippogriffs
  4 mottled dragons
  Edmund (D:6)
  12 water moccasins
  2 human simulacra
  60 nagas
  4 wargs
  11 soldier ants
  11 wolves
  37 orc warriors
  A spider (D:2)
  17 ice beasts
  4 sky beasts
  4 porcupines
  2 eyes of draining (Vaults:1)
  2 wasps (D:14)
  23 centaurs
  A black bear (D:13)
  2 necrophages
  59 ogres
  3 phantoms
  12 boggarts
  11 crocodiles
  2 human zombies
  Blork the orc (D:6)
  A brain worm (Snake:3)
  A centaur (shapeshifter) (Vaults:4)
  2 gnoll sergeants
  An earth elemental (Lab)
  A big kobold (D:15)
  10 giant frogs
  A yaktaur skeleton (Vaults:1)
  3 scorpions
  16 wights
  An orc simulacrum (Vaults:2)
  A wyvern skeleton (D:12)
  A boulder beetle zombie (Vaults:1)
  38 killer bees
  4 lava snakes (Lab)
  2 electric eels
  2 giant frog zombies (D:7)
  7 crimson imps
  5 iron imps
  A wasp zombie (D:11)
  5 hounds
  A quasit (D:9)
  A yaktaur simulacrum (Depths:1)
  8 jellies (Lair:6)
  18 orc priests
  34 orc wizards
  Crazy Yiuf (D:6)
  6 iguanas
  Natasha (thrice) (D:3 D:6)
  6 sheep
  43 worker ants
  3 polar bear simulacra (Lair:4)
  2 wolf simulacra (Lair:4)
  2 yak simulacra (Lair:4)
  A hound skeleton (D:9)
  A worker ant zombie (D:6)
  17 gnolls
  74 river rats
  18 adders
  8 shadow imps
  4 white imps
  2 ufetubi
  An adder skeleton (D:4)
  An adder zombie (D:6)
  3 worms
  5 giant geckos
  An orc (shapeshifter) (Vaults:1)
  205 orcs
  A ball python (D:2)
  A bat skeleton (D:4)
  2 giant cockroaches
  26 goblins
  20 hobgoblins
  11 jackals
  18 kobolds
  4 quokkas
  2 ball python skeletons
  24 bats
  2 giant newts
  20 rats
  4 river rat simulacra (Lair:4)
  A fungus (Lair:4)
  A plant (Lair:2)
  4 tentacles (Shoals:4)
1966 creatures vanquished.

Vanquished Creatures (collateral kills)
  Jorgrun (Shoals:4)
  A quicksilver dragon (Vaults:5)
  A sphinx (Vaults:5)
  A very ugly thing (Depths:1)
  A merfolk javelineer (Shoals:4)
  A merfolk impaler (Shoals:4)
  A vault guard (Vaults:4)
  A deep elf high priest (Vaults:5)
  A great orb of eyes (Vaults:1)
  A yaktaur captain (Vaults:4)
  2 naga warriors
  A satyr (Shoals:4)
  2 hydras
  An ogre mage (Vaults:1)
  A deep elf knight (Vaults:4)
  3 skeletal warriors (D:13)
  A sea snake (Snake:2)
  A deep troll (Depths:2)
  An unseen horror (D:13)
  A harpy (Shoals:1)
  A necromancer (Vaults:4)
  A hornet (Vaults:1)
  5 fauns
  3 black mambas
  2 sirens
  2 vault sentinels
  5 yaktaurs
  A merfolk (Shoals:4)
  3 two-headed ogres
  4 water elementals
  2 deep elf fighters
  A naga (Snake:3)
  4 yaks
  2 orc warriors
  7 ogres
  A crocodile (Lair:2)
  2 crimson imps
  An orc priest (Vaults:4)
  5 river rats
  3 orcs
  A goblin (Orc:4)
  A rat (Depths:1)
  A plant (Lair:5)
82 creatures vanquished.

Vanquished Creatures (others)
  A tengu reaver (Vaults:4)
  A purple draconian (Vaults:1)
  A merfolk javelineer (Shoals:4)
  2 vault guards
  A merfolk aquamancer (Shoals:4)
  A merfolk avatar (Shoals:4)
  A salamander stormcaller (Vaults:1)
  6 dancing weapons
  4 harpies (Shoals:4)
  2 drowned souls (Shoals:4)
  A spiny frog (Lair:4)
  A water elemental (D:15)
  A yak (Lair:4)
  A vampire mosquito (Vaults:3)
  An ogre (Orc:2)
  A killer bee (Vaults:4)
  7 crimson imps
  10 quasits
  5 iron imps
  4 worker ants
  A river rat (Lair:4)
  4 shadow imps
  5 white imps
  6 ufetubi
  A worm (D:2)
  An orc (Orc:3)
  6 butterflies
  14 fungi
  7 plants
  11 tentacles (Shoals:4)
  1198 tentacle segments (Shoals:4)
1306 creatures vanquished.

Grand Total: 3354 creatures vanquished

Notes
Turn   | Place    | Note
--------------------------------------------------------------
     0 | D:1      | patman the Centaur Chaos Knight began the quest for the Orb.
     0 | D:1      | Reached XP level 1. HP: 19/19 MP: 1/1
   178 | D:1      | Reached XP level 2. HP: 21/26 MP: 2/2
   357 | D:1      | XOM is BORED!
   357 | D:1      | XOM: silly message
   772 | D:1      | XOM: colour smoke trail
   891 | D:2      | XOM is BORED!
   891 | D:2      | XOM: mild Ice miscast
  1007 | D:2      | Found a burning altar of Makhleb.
  1007 | D:2      | Found a shimmering altar of Xom.
  1115 | D:2      | Found a snail-covered altar of Cheibriados.
  1118 | D:2      | Reached XP level 3. HP: 31/31 MP: 3/3
  1162 | D:2      | XOM: divination: detect creatures
  1211 | D:2      | Reached skill level 4 in Maces & Flails
  1466 | D:2      | XOM: potion effect (experience)
  1466 | D:2      | Reached skill level 6 in Fighting
  1466 | D:2      | Reached skill level 8 in Maces & Flails
  1466 | D:2      | Reached XP level 4. HP: 33/45 MP: 4/4
  1474 | D:2      | Reached skill level 9 in Maces & Flails
  1481 | D:2      | XOM: silly message
  1553 | D:2      | Reached XP level 5. HP: 31/51 MP: 5/5
  1600 | D:2      | XOM: god gift: 59 gold pieces
  1924 | D:2      | XOM: give mutations
  1924 | D:2      | Gained mutation: You are partially covered in icy blue scales (AC +1). [Xom's grace]
  1924 | D:2      | Gained mutation: You can breathe flames. [Xom's grace]
  1924 | D:2      | Gained mutation: You are agile. (Dex +2) [Xom's grace]
  1924 | D:2      | Gained mutation: Your mind is acute. (Int +2) [Xom's grace]
  1941 | D:2      | XOM: torment (15/51 hp)
  1968 | D:2      | XOM: god gift: 37 gold pieces
  2334 | D:2      | XOM: god gift: runed centaur barding {god gift}
  2467 | D:2      | Noticed a spider
  2467 | D:2      | a worm changed into a spider
  2467 | D:2      | XOM: polymorph worm -> spider
  2468 | D:2      | Killed a spider
  2468 | D:2      | Reached XP level 6. HP: 53/58 MP: 6/6
  2571 | D:3      | Noticed patman's ghost (average CeCK)
  2628 | D:2      | XOM: 2-stop teleportation journey
  2657 | D:2      | XOM: god gift: encrusted agate ring {god gift}
  2764 | D:3      | Noticed Natasha
  2769 | D:3      | Killed Natasha
  2859 | D:3      | XOM: fog
  2959 | D:3      | XOM: god gift: glowing iron wand {god gift}
  3068 | D:3      | Found a stormy altar of Qazlal.
  3507 | D:4      | Found a staircase to the Ecumenical Temple.
  3516 | D:4      | XOM: enchant monster (bad)
  3558 | D:4      | Noticed patman's ghost (average CeCK)
  3558 | D:4      | XOM: potion effect (berserk rage)
  3560 | D:4      | Reached skill level 1 in Shields
  3572 | D:4      | Killed patman's ghost
  3572 | D:4      | Reached XP level 7. HP: 66/66 MP: 7/7
  3637 | D:4      | Found Fetazxod's Book Shoppe.
  3692 | D:4      | XOM: enchant monster (bad)
  3705 | D:4      | XOM: give mutations
  3705 | D:4      | Gained mutation: You are partially covered in slimy green scales (AC +2). [Xom's grace]
  3705 | D:4      | Gained mutation: Your skin changes colour to match your surroundings (Stealth). [Xom's grace]
  3705 | D:4      | Gained mutation: Your muscles are strong. (Str +2) [Xom's grace]
  3705 | D:4      | Gained mutation: You are resistant to hostile enchantments. [Xom's grace]
  3732 | D:5      | Entered Level 5 of the Dungeon
  3858 | D:5      | Noticed Pikel
  3873 | D:5      | Killed Pikel
  3873 | D:5      | Reached XP level 8. HP: 54/73 MP: 8/8
  3968 | D:4      | XOM: potion effect (haste)
  3972 | D:4      | XOM: polymorph ogre -> giant frog
  4066 | D:4      | XOM: give mutations
  4066 | D:4      | Gained mutation: You are surrounded by a mild repulsion field (EV +2). [Xom's mischief]
  4066 | D:4      | Lost mutation: Your mind is acute. (Int +2) [Xom's mischief]
  4066 | D:4      | Gained mutation: You are frail (-10% HP). [Xom's mischief]
  4563 | D:4      | Noticed a troll
  4571 | D:4      | XOM: swap monsters
  4573 | D:4      | Noticed a raven
  4573 | D:4      | a troll changed into a raven
  4577 | D:4      | Noticed a black mamba
  4577 | D:4      | a raven changed into a black mamba
  4591 | D:4      | XOM: noise
  4597 | D:4      | Killed a black mamba
  4597 | D:4      | Reached skill level 5 in Shields
  4733 | D:5      | Found Meigilea's Antique Weapon Shop.
  4761 | D:5      | Found an opulent altar of Gozag.
  4769 | D:5      | Found a shadowy altar of Dithmenos.
  4961 | D:5      | Found Ydeddez's Antique Weapon Shop.
  4990 | D:5      | Found Ikuts's Antique Weapon Shoppe.
  5002 | D:5      | Found Ufaple's General Store.
  5010 | D:5      | Bought a scroll of blinking for 90 gold pieces
  5089 | D:5      | XOM: chaos cloud
  5164 | D:5      | XOM: mild Fire miscast
  5266 | D:5      | Found a glowing silver altar of Zin.
  5272 | D:5      | Reached XP level 9. HP: 55/71 MP: 9/9
  5350 | D:5      | Found a white marble altar of Elyvilon.
  5353 | D:5      | Found a radiant altar of Vehumet.
  5361 | D:5      | Found an iron altar of Okawaru.
  5375 | D:5      | XOM: colour smoke trail
  5469 | D:5      | XOM: vitrification
  5551 | D:6      | Noticed Grinder
  5551 | D:6      | Noticed a centaur zombie
  5553 | D:6      | XOM: enchant monster (good)
  5555 | D:6      | Killed Grinder
  5559 | D:6      | XOM: divination: detect items
  5573 | D:6      | Killed a centaur zombie
  5620 | D:6      | Noticed Natasha
  5621 | D:6      | Killed Natasha
  5645 | D:6      | Noticed Natasha
  5650 | D:6      | Killed Natasha
  5669 | D:6      | Noticed Edmund
  5688 | D:6      | Noticed Blork the orc
  5688 | D:6      | Killed Edmund
  5716 | D:6      | XOM: harmless Summ miscast
  5786 | D:6      | Killed Blork the orc
  5788 | D:6      | XOM: 2-stop teleportation journey
  5815 | D:6      | XOM: enchant monster (bad)
  5911 | D:6      | XOM: medium Air miscast
  6011 | D:6      | XOM: 8-stop teleportation journey
  6012 | D:6      | Found Guhowk's Antique Weapon Shop.
  6203 | D:6      | XOM: smoke on damage
  6458 | D:6      | Noticed Crazy Yiuf
  6469 | D:6      | Killed Crazy Yiuf
  6477 | D:6      | Got a transparent hammer
  6547 | D:6      | XOM: colour smoke trail
  6684 | D:6      | XOM: noise
  7004 | D:7      | XOM: potion effect (agility)
  7225 | D:7      | XOM: harmless Conj miscast
  7238 | D:7      | Reached XP level 10. HP: 77/77 MP: 10/10
  7255 | D:7      | XOM: vitrification
  7327 | D:7      | Noticed Menkaure
  7357 | D:7      | Killed Menkaure
  7425 | D:7      | XOM: give mutation
  7425 | D:7      | Gained mutation: You are very agile. (Dex +4) [Xom's grace]
  7644 | D:7      | XOM: confuse monster(s)
  7648 | D:7      | XOM: enchant monster (good)
  7650 | D:7      | XOM: fake destruction
  7724 | D:7      | XOM: scenery: 1 doors close
  7758 | D:7      | XOM: vitrification
  7931 | D:8      | XOM: 2-stop teleportation journey
  8072 | D:8      | XOM: god gift: 19 stones
  8123 | D:8      | XOM: god gift: 7 meat rations
  8177 | D:8      | XOM: cast spell 'Necromutation'
  8182 | D:8      | XOM: noise
  8213 | D:8      | XOM: harmless Divn miscast
  8470 | D:8      | XOM: divination: detect items
  8591 | D:8      | XOM: silly message
  8693 | D:7      | XOM: medium Hex miscast
  8746 | D:6      | Bought a runed eveningstar for 405 gold pieces
  8832 | D:8      | XOM is BORED!
  8832 | D:8      | XOM: medium Hex miscast
  9144 | D:8      | XOM: potion effect (agility)
  9189 | D:8      | XOM: harmless Fire miscast
  9619 | D:9      | Found Ceicah's Serpentskin Sales.
  9738 | D:9      | XOM: fog
  9761 | D:9      | XOM: noise
  9888 | D:9      | XOM: chaos cloud
  9895 | D:9      | XOM: butterfly on damage
  9939 | D:9      | XOM: mild Divn miscast
 10025 | D:9      | XOM: summons 3 hostile demons
 10078 | D:9      | XOM: harmless Hex miscast
 10201 | D:9      | Found a glowing golden altar of the Shining One.
 10201 | D:9      | XOM: 4-stop teleportation journey
 10220 | D:9      | Noticed Maurice
 10237 | D:9      | Reached skill level 10 in Maces & Flails
 10451 | D:9      | Found Tinkih's Book Shop.
 10485 | D:9      | Found a blossoming altar of Fedhas.
 10613 | D:9      | Killed Maurice
 10613 | D:9      | Reached XP level 11. HP: 82/82 MP: 11/11
 10639 | D:9      | XOM: draining
 10670 | D:9      | XOM: noise
 10917 | D:10     | Entered Level 10 of the Dungeon
 10939 | D:10     | XOM: noise
 11021 | D:10     | Noticed a tengu warrior
 11249 | D:10     | Noticed a hill giant
 11256 | D:10     | XOM: blink monster(s)
 11260 | D:10     | XOM: divination: magic mapping
 11263 | D:10     | Killed a hill giant
 11557 | D:10     | Reached skill level 11 in Maces & Flails
 11559 | D:10     | XOM: potion effect (heal wounds)
 11864 | D:10     | XOM: cast spell 'Statue Form'
 11959 | D:11     | XOM: noise
 11999 | D:11     | Noticed a hill giant
 12002 | D:11     | XOM: noise
 12021 | D:11     | XOM: stat loss: -1 Str (19/20)
 12028 | D:11     | Killed a hill giant
 12076 | D:11     | Noticed a hill giant
 12077 | D:11     | Noticed a satyr
 12077 | D:11     | a hill giant changed into a satyr
 12077 | D:11     | XOM: polymorph hill giant -> satyr
 12080 | D:11     | XOM: chaos cloud
 12085 | D:11     | XOM: harmless Necr miscast
 12088 | D:11     | Noticed an entropy weaver
 12088 | D:11     | a satyr changed into an entropy weaver
 12089 | D:11     | XOM: blink monster(s)
 12090 | D:11     | XOM: 2-stop teleportation journey
 12091 | D:11     | Noticed a hill giant
 12091 | D:11     | XOM: chaos cloud
 12095 | D:11     | XOM: god gift: white potion
 12100 | D:11     | Killed a hill giant
 12100 | D:11     | Reached skill level 12 in Maces & Flails
 12323 | D:10     | XOM: medium Pois miscast
 12333 | D:10     | XOM: scenery: 2 doors close
 12440 | D:11     | XOM: noise
 12511 | D:11     | Found a staircase to the Lair.
 12519 | Lair:1   | XOM: noise
 12519 | Lair:1   | Entered Level 1 of the Lair of Beasts
 12525 | Lair:1   | XOM: cast spell 'Confusing Touch'
 12540 | Lair:1   | XOM: fog
 12610 | Lair:1   | Got an ancient scimitar
 12623 | Lair:1   | Noticed a four-headed hydra
 12631 | Lair:1   | XOM: enchant monster (bad)
 12637 | Lair:1   | XOM: harmless Ice miscast
 12648 | Lair:1   | XOM: 2-stop teleportation journey
 12704 | Lair:1   | XOM: stat loss: -1 Str (19/20)
 12727 | Lair:1   | XOM: cast spell 'Shadow Creatures'
 12728 | Lair:1   | XOM: blink monster(s)
 12731 | Lair:1   | Killed a four-headed hydra
 12841 | Lair:1   | XOM: give mutations
 12841 | Lair:1   | Lost mutation: You are frail (-10% HP). [Xom's mischief]
 12841 | Lair:1   | Gained mutation: You occasionally shout uncontrollably at your foes. [Xom's mischief]
 13004 | Lair:1   | Noticed Erica
 13024 | Lair:1   | Killed Erica
 13024 | Lair:1   | Reached skill level 13 in Maces & Flails
 13232 | Lair:1   | Reached XP level 12. HP: 100/100 MP: 12/12
 13268 | Lair:2   | Got a transparent morningstar
 13271 | Lair:2   | XOM: confuse monster(s)
 13316 | Lair:2   | Identified the +10 morningstar of Alunoiha {freeze, *Corrode MP+9 Str+2} (You found it on level 2 of the Lair of Beasts)
 13397 | Lair:2   | XOM: noise
 13420 | Lair:2   | XOM: confuse monster(s)
 13446 | Lair:2   | XOM: chaos cloud
 13482 | Lair:2   | XOM: enchant monster (good)
 13483 | Lair:2   | Reached skill level 14 in Maces & Flails
 13483 | Lair:2   | XOM: enchant monster (good)
 13485 | Lair:2   | XOM: summons 1 friendly demon
 13489 | Lair:2   | XOM: fog
 13748 | Lair:2   | XOM: summons friendly white imp
 13749 | Lair:2   | XOM: summons friendly iron imp
 13856 | Lair:2   | Identified the +7 scimitar "Loiqughe" {elec, Dex+2} (You found it on level 1 of the Lair of Beasts)
 13957 | Lair:2   | XOM: enchant monster (good)
 13959 | Lair:2   | XOM: snakes to sticks
 14029 | Lair:2   | XOM: harmless Hex miscast
 14122 | Lair:2   | Reached skill level 15 in Maces & Flails
 14166 | Lair:2   | XOM: medium Chrm miscast
 14169 | Lair:2   | Reached skill level 5 in Armour
 14217 | Lair:2   | XOM: cast spell 'Chain of Chaos'
 14223 | Lair:2   | XOM: chaos cloud
 14233 | Lair:2   | XOM: silly message
 14264 | Lair:2   | XOM: summons 1 hostile demon
 14445 | Lair:2   | XOM: colour smoke trail
 14597 | Lair:3   | Found a staircase to the Shoals.
 14597 | Lair:3   | XOM: 4-stop teleportation journey
 14791 | Lair:3   | Noticed Urug
 14803 | Lair:3   | Killed Urug
 14866 | Lair:3   | XOM: potion effect (heal wounds)
 14873 | Lair:3   | XOM: mild Erth miscast
 14892 | Lair:3   | XOM: divination: detect items
 14934 | Lair:3   | Noticed Snorg
 14949 | Lair:3   | Killed Snorg
 15176 | Lair:3   | Reached XP level 13. HP: 105/105 MP: 13/13
 15214 | Lair:3   | XOM: harmless Summ miscast
 15273 | Lair:3   | XOM: silly message
 15708 | Lair:4   | XOM: swap monsters
 15716 | Lair:4   | XOM: divine lightning (protected)
 15753 | Lair:4   | Identified a scroll of acquirement
 15890 | Lair:4   | Found a staircase to the Snake Pit.
 15897 | Lair:4   | XOM: cast spell 'Warp Weapon'
 15922 | Lair:4   | XOM: divination: magic mapping
 16037 | Lair:4   | XOM: give mutation
 16037 | Lair:4   | Gained mutation: You are somewhat resistant to further mutation. [Xom's grace]
 16130 | Lair:4   | XOM: summons friendly white imp
 16518 | Lair:4   | XOM: 1-stop teleportation journey
 16649 | Lair:5   | XOM: cast spell 'Spider Form'
 16882 | Lair:5   | Got a smoking cloak
 16916 | Lair:5   | Identified the +2 cloak of Free Will {MP+9} (You acquired it on level 5 of the Lair of Beasts)
 16921 | Lair:5   | XOM: cast spell 'Death Channel'
 16944 | Lair:5   | XOM: god gift: ring mail {god gift}
 17203 | Lair:5   | XOM: enchant monster (good)
 17234 | Lair:5   | XOM: enchant monster (good)
 17591 | Lair:6   | XOM: cast spell 'Beastly Appendage'
 17594 | Lair:6   | XOM: confuse monster(s)
 17616 | Lair:6   | XOM: confuse monster(s)
 17720 | Lair:6   | XOM: noise
 17791 | Lair:6   | XOM: fake destruction
 17829 | Lair:6   | Reached skill level 10 in Shields
 17885 | Lair:6   | XOM: silly message
 17887 | Lair:6   | XOM: mild Hex miscast
 17896 | Lair:6   | XOM: polymorph soldier ant -> mottled dragon
 17904 | Lair:6   | XOM: enchant monster (good)
 17910 | Lair:6   | XOM: polymorph spiny frog -> something unseen
 17935 | Lair:6   | XOM: enchant monster (good)
 17936 | Lair:6   | XOM: silly message
 17954 | Lair:6   | XOM: potion effect (haste)
 18123 | Lair:6   | XOM: mild Ice miscast
 18433 | Lair:6   | Found a staircase to the Slime Pits.
 18474 | Lair:6   | XOM: mild Air miscast
 18552 | Lair:6   | XOM is BORED!
 18552 | Lair:6   | XOM: mild Fire miscast
 18758 | Lair:7   | XOM: noise
 18759 | Lair:7   | XOM: enchant monster (bad)
 18791 | Lair:7   | XOM: cast spell 'Dispersal'
 18944 | Lair:7   | XOM: god gift: lantern of shadows
 18962 | Lair:7   | XOM: summons 3 friendly demons
 18977 | Lair:7   | XOM is BORED!
 18977 | Lair:7   | XOM: noise
 19132 | Lair:7   | XOM: chaos cloud
 19184 | Lair:7   | Noticed Rupert
 19242 | Lair:7   | XOM: silly message
 19293 | Lair:7   | Killed Rupert
 19293 | Lair:7   | Reached XP level 14. HP: 75/113 MP: 14/14
 19788 | Lair:8   | Entered Level 8 of the Lair of Beasts
 19823 | Lair:8   | Found a labyrinth entrance.
 19828 | Lab      | Entered a labyrinth
 20007 | Lab      | XOM: colour smoke trail
 20291 | Lab      | XOM: medium Necr miscast
 20617 | Lab      | XOM: cast spell 'Ice Form'
 20661 | Lab      | Found an exit through the horrors of the Abyss.
 20733 | Lab      | XOM: harmless Necr miscast
 21018 | Lab      | XOM: scenery: 1 doors close
 21025 | Lab      | Found an exit through the horrors of the Abyss.
 21332 | Lab      | XOM: divination: detect items
 21726 | Lab      | Got an amethyst-encrusted plate armour
 21737 | Lab      | Identified the +2 plate armour of Bunk {*Confuse MP+9 Dex+9} (You found it in a labyrinth)
 21748 | Lab      | Got a scorched lapis lazuli ring
 21751 | Lab      | Identified the ring "Maebott" {MR+ Int+5 Dex-4} (You found it in a labyrinth)
 21780 | Lair:8   | XOM: summons friendly shadow imp
 21978 | Lair:8   | XOM: enchant monster (good)
 22042 | Lair:8   | XOM: colour smoke trail
 22505 | Lair:8   | XOM: silly message
 22601 | Lair:8   | XOM: silly message
 22608 | Lair:8   | Reached skill level 10 in Armour
 22822 | Lair:8   | XOM: potion effect (haste)
 22849 | Lair:8   | XOM: cast spell 'Metabolic Englaciation'
 22870 | Lair:8   | XOM: noise
 22871 | Lair:8   | XOM: confuse monster(s)
 23026 | Lair:8   | Learned a level 3 spell: Regeneration
 23112 | Lair:8   | XOM: mild Summ miscast
 23175 | Lair:8   | XOM: harmless Erth miscast
 23262 | Lair:8   | XOM: divination: detect creatures
 23351 | Lair:5   | XOM: harmless Ice miscast
 24023 | D:11     | Noticed a fire giant
 24040 | D:11     | Killed a fire giant
 24301 | D:12     | XOM: noise
 24304 | D:12     | XOM: divination: detect items
 24402 | D:12     | XOM: divination: detect creatures
 24517 | D:12     | XOM: harmless Hex miscast
 24729 | D:12     | XOM: potion effect (haste)
 24762 | D:12     | XOM: mild Air miscast
 24781 | D:12     | XOM: mild Ice miscast
 24785 | D:12     | Found a staircase to the Orcish Mines.
 24796 | Orc:1    | Entered Level 1 of the Orcish Mines
 25059 | Orc:2    | Reached XP level 15. HP: 111/118 MP: 15/15
 25222 | Orc:1    | Found Yckimytt's Distillery.
 25255 | Orc:1    | XOM: give mutations
 25255 | Orc:1    | Lost mutation: You can breathe flames. [Xom's mischief]
 25255 | Orc:1    | Gained mutation: You are somewhat resistant to both further mutation and mutation removal. [Xom's mischief]
 25255 | Orc:1    | Lost mutation: Your muscles are strong. (Str +2) [Xom's mischief]
 25255 | Orc:1    | Lost mutation: You are resistant to hostile enchantments. [Xom's mischief]
 25622 | Orc:1    | XOM: harmless Divn miscast
 25739 | Orc:1    | XOM: silly message
 25918 | Orc:3    | XOM: stealth player
 25973 | Orc:2    | XOM: 1-stop teleportation journey
 26173 | Orc:3    | XOM: enchant monster (good)
 26181 | Orc:3    | XOM: 1-stop teleportation journey
 26219 | Orc:3    | Found a radiant altar of Vehumet.
 26327 | Orc:3    | Found a staircase to the Elven Halls.
 26343 | Orc:3    | XOM: vitrification
 26629 | Orc:3    | XOM: god gift: slimy zirconium amulet {god gift}
 26630 | Orc:3    | Got a slimy zirconium amulet {god gift}
 26632 | Orc:3    | Identified the amulet of Afucvuro {Spirit rElec rC+ Stlth-} (Xom gifted it to you on level 3 of the Orcish Mines)
 26642 | Orc:3    | XOM: god gift: encrusted shortbow {god gift}
 26679 | Orc:3    | XOM: divination: detect creatures
 27002 | Orc:1    | XOM: divine lightning
 27004 | Orc:1    | XOM: enchant monster (good)
 27029 | Orc:1    | XOM: medium Tloc miscast
 27286 | Orc:4    | Entered Level 4 of the Orcish Mines
 27539 | Orc:4    | XOM: torment (60/118 hp)
 27601 | Orc:4    | XOM: summons 7 hostile demons
 27826 | Orc:4    | XOM: polymorph orc -> river rat
 27831 | Orc:4    | Found a shimmering altar of Xom.
 27835 | Orc:4    | Found Maaher's Antique Armour Emporium.
 27836 | Orc:4    | Found Fympinor's Distillery.
 27863 | Orc:4    | XOM: harmless Fire miscast
 27878 | Orc:4    | XOM: summons friendly ufetubus
 27883 | Orc:4    | XOM: confuse monster(s)
 27893 | Orc:4    | XOM: summons friendly iron imp
 27908 | Orc:4    | XOM: potion effect (heal wounds)
 27935 | Orc:4    | XOM: potion effect (brilliance)
 28007 | Orc:4    | Found Fexaf's Antique Armour Shop.
 28015 | Orc:4    | Found Equc's Antique Weapon Boutique.
 28045 | Orc:4    | Bought a potion of heal wounds for 80 gold pieces
 28045 | Orc:4    | Bought a potion of heal wounds for 80 gold pieces
 28358 | Orc:4    | Bought a pair of faintly glowing gloves for 304 gold pieces
 28368 | Orc:4    | Identified the cursed +0 pair of gloves "Ibluod" {rElec} (You bought it in a shop on level 4 of the Orcish Mines)
 28379 | Orc:4    | XOM is BORED!
 28379 | Orc:4    | XOM: give mutations
 28379 | Orc:4    | Lost mutation: You are very agile. (Dex +4) [Xom's mischief]
 28379 | Orc:4    | Gained mutation: Scrolls take you a little longer to read. [Xom's mischief]
 28379 | Orc:4    | Lost mutation: Scrolls take you a little longer to read. [Xom's mischief]
 28380 | Orc:4    | Bought a glowing helmet for 144 gold pieces
 28565 | D:13     | XOM: 2-stop teleportation journey
 28573 | D:13     | XOM: swap monsters
 28578 | D:13     | XOM: confuse monster(s)
 28827 | D:13     | Found a gate to the Vaults.
 28829 | D:13     | XOM: enchant monster (good)
 28831 | D:13     | XOM: divine lightning
 29092 | D:13     | Noticed Maud
 29097 | D:13     | XOM: potion effect (might)
 29100 | D:13     | XOM: enchant monster (bad)
 29110 | D:13     | XOM: confuse monster(s)
 29120 | D:13     | Killed Maud
 29254 | D:13     | XOM: silly message
 29428 | D:14     | Found a gate to the Vaults.
 29578 | D:14     | XOM: divination: magic mapping
 29761 | D:14     | XOM: enchant monster (good)
 29851 | D:14     | XOM: divination: detect items
 30095 | D:14     | XOM: mild Hex miscast
 30158 | D:14     | XOM: enchant monster (good)
 30415 | D:15     | Entered Level 15 of the Dungeon
 30450 | D:15     | Found a frozen archway.
 30459 | IceCv    | Entered an ice cave
 30499 | IceCv    | XOM: give mutations
 30499 | IceCv    | Gained mutation: You are almost entirely resistant to further mutation and mutation removal. [Xom's mischief]
 30499 | IceCv    | Gained mutation: You have a pair of small antennae on your head. [Xom's mischief]
 30499 | IceCv    | Lost mutation: You occasionally shout uncontrollably at your foes. [Xom's mischief]
 30733 | IceCv    | XOM: summons 3 friendly demons
 30750 | IceCv    | XOM: enchant monster (bad)
 30860 | IceCv    | XOM: medium Pois miscast
 31067 | D:15     | XOM: summons 5 friendly demons
 31071 | D:15     | XOM: divination: detect creatures
 31215 | D:15     | XOM: mild Erth miscast
 31361 | D:15     | XOM: harmless Trmt miscast
 31486 | D:15     | XOM: harmless Pois miscast
 31487 | D:15     | Found Dischi's Assorted Antiques.
 31531 | D:15     | XOM: cast spell 'Cause Fear'
 31573 | D:15     | XOM: potion effect (might)
 31773 | D:15     | XOM: potion effect (brilliance)
 31798 | D:15     | XOM: cast spell 'Cause Fear'
 31831 | D:15     | XOM: enchant monster (good)
 31838 | D:15     | Reached XP level 16. HP: 90/126 MP: 16/16
 31869 | D:15     | Found a staircase to the Depths.
 32088 | D:15     | XOM: confuse monster(s)
 32164 | D:15     | XOM: confuse monster(s)
 32276 | D:15     | XOM: vitrification
 32563 | D:15     | XOM: god gift: ring mail {god gift}
 32877 | Shoals:1 | Entered Level 1 of the Shoals
 33403 | Shoals:1 | XOM: divination: detect creatures
 33407 | Shoals:1 | XOM: swap monsters
 33524 | Shoals:1 | XOM: vitrification
 33718 | Shoals:1 | XOM: polymorph siren -> death drake
 33722 | Shoals:1 | XOM: enchant monster (good)
 33828 | Shoals:1 | XOM: harmless Necr miscast
 33956 | Shoals:1 | XOM: mild Trmt miscast
 34340 | Shoals:1 | XOM: colour smoke trail
 34388 | Shoals:2 | Noticed Polyphemus
 34768 | Shoals:2 | XOM: silly message
 34821 | Shoals:2 | XOM: colour smoke trail
 34847 | Shoals:2 | XOM: blink monster(s)
 34876 | Shoals:2 | XOM: confusion
 34885 | Shoals:2 | XOM: smoke on damage
 34896 | Shoals:2 | XOM: potion effect (invisibility)
 34904 | Shoals:2 | XOM: god gift: scroll of teleportation
 35151 | Shoals:2 | XOM: 2-stop teleportation journey
 35222 | Shoals:3 | XOM: fog
 35242 | Shoals:3 | XOM: vitrification
 35316 | Shoals:3 | XOM: 4-stop teleportation journey
 35370 | Shoals:3 | XOM: enchant monster (good)
 35498 | Shoals:3 | XOM: god gift: glowing leatherbound book {god gift}
 35542 | Shoals:3 | XOM: summons friendly quasit
 35609 | Shoals:3 | XOM: vitrification
 35645 | Shoals:3 | Found Pourr's Antique Armour Shop.
 35657 | Shoals:3 | Bought a runed plate armour for 897 gold pieces
 35720 | Shoals:3 | XOM: colour smoke trail
 36059 | Shoals:4 | Entered Level 4 of the Shoals
 36059 | Shoals:4 | Noticed Ilsuiw
 36073 | Shoals:4 | XOM: fog
 36087 | Shoals:4 | XOM: destruction
 36093 | Shoals:4 | Killed Ilsuiw
 36241 | Shoals:4 | XOM: god gift: twisted golden ring {god gift}
 36254 | Shoals:4 | XOM: blink monster(s)
 36262 | Shoals:4 | XOM: mild Hex miscast
 36263 | Shoals:4 | XOM: noise
 36399 | Shoals:4 | XOM: 6-stop teleportation journey
 36491 | Shoals:4 | Reached XP level 17. HP: 60/132 MP: 17/17
 36652 | Shoals:4 | XOM: mild Trmt miscast
 36659 | Shoals:4 | XOM: silly message
 36801 | Shoals:4 | Noticed Jorgrun
 36821 | Shoals:4 | XOM: confusion (+ monsters)
 36828 | Shoals:4 | Killed Jorgrun
 36869 | Shoals:4 | Noticed Mara
 36876 | Shoals:4 | Noticed patman's illusion
 36880 | Shoals:4 | XOM: enchant monster (good)
 36882 | Shoals:4 | XOM: summons friendly crimson imp
 36884 | Shoals:4 | XOM: cast spell 'Confusing Touch'
 36894 | Shoals:4 | Killed Mara
 36908 | Shoals:4 | Killed Mara
 36908 | Shoals:4 | Reached skill level 15 in Armour
 36945 | Shoals:4 | XOM: divination: detect creatures
 36959 | Shoals:4 | XOM: confuse monster(s)
 36973 | Shoals:4 | XOM: mild Hex miscast
 36998 | Shoals:4 | XOM: confuse monster(s)
 37216 | Shoals:4 | XOM: give mutations
 37216 | Shoals:4 | Gained mutation: You have a pair of antennae on your head. [Xom's grace]
 37216 | Shoals:4 | Gained mutation: You are covered in fur (AC +1). [Xom's grace]
 37216 | Shoals:4 | Gained mutation: Your mind is acute. (Int +2) [Xom's grace]
 37216 | Shoals:4 | Gained mutation: Your muscles are strong. (Str +2) [Xom's grace]
 37431 | Shoals:4 | Got a barnacled rune of Zot
 37489 | Shoals:4 | XOM: destruction
 37501 | Shoals:4 | XOM: destruction
 37514 | Shoals:4 | XOM: enchant monster (good)
 37612 | Shoals:4 | XOM: polymorph siren -> octopode
 37613 | Shoals:4 | XOM: chaos cloud
 37762 | Shoals:2 | XOM: polymorph harpy -> troll
 37791 | Shoals:1 | XOM: medium Divn miscast
 37905 | Snake:1  | Entered Level 1 of the Snake Pit
 37973 | Snake:1  | XOM: harmless Ice miscast
 38113 | Snake:1  | XOM: noise
 38403 | Snake:1  | XOM: chaos upgrade
 38437 | Snake:1  | XOM: enchant monster (bad)
 38461 | Snake:1  | Noticed Agnes
 38463 | Snake:1  | XOM: silly message
 38474 | Snake:1  | XOM: 1-stop teleportation journey
 38484 | Snake:1  | XOM: confusion
 38535 | Snake:1  | XOM: stat loss: -1 Str (21/22)
 38824 | Snake:1  | XOM: give mutations
 38824 | Snake:1  | Gained mutation: You expend magic power (3 MP) to strengthen your wands. [Xom's mischief]
 38824 | Snake:1  | Lost mutation: You are agile. (Dex +2) [Xom's mischief]
 38826 | Snake:1  | Killed Agnes
 38948 | Snake:1  | XOM: summons 3 hostile shadow creatures
 39042 | Snake:2  | XOM: enchant monster (bad)
 39052 | Snake:2  | XOM: potion effect (berserk rage)
 39197 | Snake:2  | XOM: divination: detect items
 39203 | Snake:2  | XOM: swap monsters
 39349 | Snake:2  | XOM: enchant monster (good)
 39353 | Snake:2  | XOM: fake destruction
 39501 | Snake:2  | Reached skill level 10 in Fighting
 39520 | Snake:2  | XOM: 1-stop teleportation journey
 39576 | Snake:2  | XOM: 1-stop teleportation journey
 39600 | Snake:2  | XOM: god gift: scroll of enchant armour
 39956 | Snake:3  | XOM: divination: magic mapping
 39980 | Snake:3  | XOM: fog
 39997 | Snake:3  | XOM: polymorph naga -> brain worm
 40122 | Snake:3  | XOM: fog
 40210 | Snake:3  | XOM: smoke on damage
 40216 | Snake:3  | Reached XP level 18. HP: 113/149 MP: 18/18
 40294 | Snake:3  | XOM: divination: detect items
 40436 | Snake:3  | XOM: god gift: 23 gold pieces
 40438 | Snake:3  | XOM: cast spell 'Metabolic Englaciation'
 40492 | Snake:3  | XOM: noise
 40663 | Snake:3  | XOM: noise
 40704 | Snake:3  | XOM: noise
 40877 | Snake:3  | XOM: vitrification
 40991 | Snake:4  | Entered Level 4 of the Snake Pit
 40998 | Snake:4  | XOM: divination: magic mapping
 41001 | Snake:4  | XOM: smoke on damage
 41002 | Snake:4  | XOM: noise
 41168 | Snake:4  | XOM: potion effect (brilliance)
 41171 | Snake:4  | XOM: confuse monster(s)
 41287 | Snake:4  | XOM: give mutation
 41287 | Snake:4  | Gained mutation: You possess an exceptional clarity of mind. [Xom's grace]
 41324 | Snake:4  | XOM: cast spell 'Dragon Form'
 41376 | Snake:4  | XOM: summons 2 friendly demons
 41525 | Snake:4  | XOM: potion effect (haste)
 41528 | Snake:4  | XOM: medium Necr miscast
 41560 | Snake:4  | XOM: harmless Tloc miscast
 41571 | Snake:4  | XOM: chaos cloud
 41627 | Snake:4  | XOM: mild Erth miscast
 41717 | Snake:4  | XOM: noise
 41762 | Snake:4  | XOM: mild Chrm miscast
 41776 | Snake:4  | XOM: summons friendly quasit
 41814 | Snake:4  | XOM: medium Conj miscast
 41849 | Snake:4  | XOM: medium Chrm miscast
 41856 | Snake:4  | Reached skill level 15 in Shields
 41939 | Snake:4  | XOM: give mutation
 41939 | Snake:4  | Lost mutation: Your muscles are strong. (Str +2) [Xom's mischief]
 42021 | Snake:4  | XOM: harmless Fire miscast
 42031 | Snake:4  | XOM: smoke on damage
 42094 | Snake:4  | XOM: blink monster(s)
 42101 | Snake:4  | XOM: chaos upgrade
 42105 | Snake:4  | XOM: fog
 42143 | Snake:4  | XOM: vitrification
 42339 | Snake:4  | XOM: 2-stop teleportation journey
 42570 | Snake:4  | XOM: confuse monster(s)
 42664 | Snake:4  | XOM: fake destruction
 42667 | Snake:4  | XOM: enchant monster (bad)
 42668 | Snake:4  | XOM: cast spell 'Stoneskin'
 42736 | Snake:4  | XOM: colour smoke trail
 42762 | Snake:4  | XOM: summons 4 friendly demons
 42851 | Snake:4  | XOM: mild Fire miscast
 42853 | Snake:4  | XOM: medium Divn miscast
 42903 | Snake:4  | XOM: blink monster(s)
 42957 | Snake:4  | Got a serpentine rune of Zot
 42965 | Snake:4  | XOM: summons 3 friendly demons
 43270 | Vaults:1 | Entered Level 1 of the Vaults
 43314 | Vaults:1 | Learned a level 1 spell: Apportation
 43316 | Vaults:1 | Learned a level 1 spell: Summon Butterflies
 43319 | Vaults:1 | Learned a level 2 spell: Blink
 43331 | Vaults:1 | XOM: polymorph cyclops -> sea snake
 43373 | Vaults:1 | XOM: swap monsters
 43437 | Vaults:1 | XOM: divination: magic mapping
 43552 | Vaults:1 | XOM: swap monsters
 43555 | Vaults:1 | XOM: chaos upgrade
 43608 | Vaults:1 | XOM: polymorph orc wizard -> river rat
 43641 | Vaults:1 | XOM: summons 11 friendly demons
 43837 | Vaults:1 | XOM: polymorph ogre -> crocodile
 43845 | Vaults:1 | XOM: summons friendly crimson imp
 43848 | Vaults:1 | XOM: noise
 43849 | Vaults:1 | XOM: summons 3 friendly demons
 43860 | Vaults:1 | XOM: confuse monster(s)
 43862 | Vaults:1 | Reached XP level 19. HP: 111/162 MP: 19/19
 43883 | Vaults:1 | XOM: cast spell 'Olgreb's Toxic Radiance'
 43939 | Vaults:1 | XOM: mild Tloc miscast
 43941 | Vaults:1 | XOM: noise
 43962 | Vaults:1 | XOM: noise
 43966 | Vaults:1 | XOM: divination: detect creatures
 44062 | Vaults:1 | XOM: swap monsters
 44073 | Vaults:1 | XOM: polymorph quicksilver dragon -> iron troll
 44095 | Vaults:1 | XOM: smoke on damage
 44108 | Vaults:1 | XOM: enchant monster (bad)
 44109 | Vaults:1 | Reached skill level 16 in Maces & Flails
 44145 | Vaults:1 | XOM: confuse monster(s)
 44160 | Vaults:1 | XOM: enchant monster (good)
 44165 | Vaults:1 | XOM: summons friendly ufetubus
 44183 | Vaults:1 | XOM: summons 4 friendly demons
 44192 | Vaults:1 | XOM: summons 1 friendly demon
 44206 | Vaults:1 | XOM: potion effect (berserk rage)
 44405 | Vaults:1 | XOM: butterfly on damage
 44408 | Vaults:1 | XOM: divination: detect creatures
 44607 | Vaults:1 | XOM: 4-stop teleportation journey
 44775 | Vaults:1 | XOM: summons friendly iron imp
 44781 | Vaults:1 | XOM: summons 7 friendly demons
 44787 | Vaults:1 | XOM: enchant monster (good)
 45035 | Vaults:1 | Found Tiut's Food Boutique.
 45110 | Vaults:1 | XOM: god gift: scroll of vulnerability
 45131 | Vaults:1 | XOM: mild Hex miscast
 45168 | Vaults:1 | XOM: cast spell 'Ice Form'
 45295 | Vaults:1 | XOM: god gift: 23 gold pieces
 45299 | Vaults:1 | XOM: 6-stop teleportation journey
 45620 | Vaults:2 | XOM: butterfly on damage
 45620 | Vaults:2 | XOM: smoke on damage
 45638 | Vaults:2 | Found Xassim's Book Boutique.
 45649 | Vaults:2 | XOM: divination: detect creatures
 45720 | Vaults:2 | XOM: divination: magic mapping
 45751 | Vaults:2 | XOM: stat loss: -1 Dex (11/12)
 45757 | Vaults:2 | XOM: blink monster(s)
 45923 | Vaults:2 | XOM: colour smoke trail
 46013 | Vaults:2 | XOM: polymorph brown ugly thing -> hill giant
 46237 | Vaults:2 | XOM: polymorph red ugly thing -> great orb of eyes
 46251 | Vaults:2 | XOM: chaos upgrade
 46255 | Vaults:2 | XOM: enchant monster (bad)
 46270 | Vaults:2 | XOM: harmless Summ miscast
 46815 | Vaults:2 | XOM: swap monsters
 46817 | Vaults:2 | XOM: noise
 46818 | Vaults:2 | XOM: harmless Trmt miscast
 46820 | Vaults:2 | XOM: blink monster(s)
 46822 | Vaults:2 | XOM: give mutations
 46822 | Vaults:2 | Lost mutation: Your mind is acute. (Int +2) [Xom's mischief]
 46822 | Vaults:2 | Lost mutation: You are partially covered in slimy green scales (AC +2). [Xom's mischief]
 46959 | Vaults:2 | XOM is BORED!
 46959 | Vaults:2 | XOM: give mutations
 46959 | Vaults:2 | Lost mutation: You are almost entirely resistant to further mutation and mutation removal. [Xom's mischief]
 46959 | Vaults:2 | Lost mutation: You are covered in fur (AC +1). [Xom's mischief]
 46959 | Vaults:2 | Gained mutation: You are frail (-10% HP). [Xom's mischief]
 46959 | Vaults:2 | Lost mutation: You are somewhat resistant to both further mutation and mutation removal. [Xom's mischief]
 47137 | Vaults:2 | XOM: potion effect (invisibility)
 47208 | Vaults:2 | XOM: potion effect (experience)
 47208 | Vaults:2 | Reached skill level 15 in Fighting
 47208 | Vaults:2 | Reached XP level 20. HP: 111/160 MP: 9/20
 47213 | Vaults:2 | XOM: cast spell 'Dispersal'
 47223 | Vaults:2 | XOM: cast spell 'Ring of Flames'
 47235 | Vaults:2 | XOM: smoke on damage
 47859 | Orc:4    | Bought the +2 pair of fencer's gloves {LBl+4 SBl+4 EV+3 Dex+6} for 1587 gold pieces
 48161 | Vaults:3 | XOM: swap monsters
 48240 | Vaults:3 | XOM: enchant monster (good)
 48241 | Vaults:3 | XOM: cast spell 'Hydra Form'
 48373 | Vaults:3 | XOM: fog
 48374 | Vaults:3 | XOM: summons 9 friendly demons
 48410 | Vaults:3 | Reached XP level 21. HP: 169/169 MP: 21/21
 48413 | Vaults:3 | XOM: cast spell 'Cause Fear'
 48442 | Vaults:3 | Found Joazomyra's Jewellery Shoppe.
 48490 | Vaults:3 | Found a staircase to the Crypt.
 48503 | Vaults:3 | XOM: butterfly on damage
 48504 | Vaults:3 | XOM: summons 4 hostile demons
 48778 | Vaults:3 | XOM: enchant monster (bad)
 48797 | Vaults:3 | XOM: chaos cloud
 48927 | Vaults:3 | XOM: silly message
 48994 | Vaults:3 | Found Zamuih's Jewellery Boutique.
 49021 | Vaults:3 | XOM: swap monsters
 49026 | Vaults:3 | XOM: confuse monster(s)
 49075 | Vaults:3 | Bought the ring "Xalumosh" {rF+ rC+ Str-4 Int+2} for 696 gold pieces
 49170 | Vaults:3 | XOM: fake destruction
 49203 | Vaults:3 | Found Apiebbin's General Store.
 49515 | Vaults:3 | Found Nyhiosacot's Weapon Boutique.
 49517 | Vaults:3 | Gained mutation: You are partially covered in rugged brown scales (AC +1, +3% HP). [potion of beneficial mutation]
 49660 | Vaults:3 | Found Perijia's Weapon Emporium.
 49827 | Vaults:4 | XOM: chaos cloud
 49828 | Vaults:4 | Paralysed by you for 2 turns
 49882 | Vaults:4 | Found Ketol's Assorted Antiques.
 49909 | Vaults:4 | Got a clouded steel amulet
 49910 | Vaults:4 | Identified the amulet of Kepisusm {+Rage Int+5} (You found it on level 4 of the Vaults)
 49932 | Vaults:4 | XOM: enchant monster (bad)
 49941 | Vaults:4 | XOM: silly message
 49950 | Vaults:4 | XOM: smoke on damage
 49951 | Vaults:4 | XOM: polymorph something unseen -> boulder beetle
 49957 | Vaults:4 | XOM: enchant monster (good)
 50023 | Vaults:4 | XOM: give mutations
 50023 | Vaults:4 | Lost mutation: You are partially covered in icy blue scales (AC +1). [Xom's mischief]
 50023 | Vaults:4 | Lost mutation: You expend magic power (3 MP) to strengthen your wands. [Xom's mischief]
 50026 | Vaults:4 | Noticed Sojobo
 50052 | Vaults:4 | XOM: silly message
 50061 | Vaults:4 | XOM: mild Necr miscast
 50077 | Vaults:4 | XOM: confuse monster(s)
 50097 | Vaults:4 | Killed Sojobo
 50352 | Vaults:4 | Noticed Saint Roka
 50552 | Vaults:4 | XOM: summons friendly crimson imp
 50554 | Vaults:4 | XOM: enchant monster (bad)
 50555 | Vaults:4 | XOM: potion effect (haste)
 50578 | Vaults:4 | Reached skill level 17 in Fighting
 50599 | Vaults:4 | XOM: mild Erth miscast
 50608 | Vaults:4 | XOM: divination: magic mapping
 50611 | Vaults:4 | XOM: confuse monster(s)
 50616 | Vaults:4 | XOM: fog
 50634 | Vaults:4 | Killed Saint Roka
 50791 | Vaults:4 | XOM: smoke on damage
 50847 | Vaults:4 | XOM: cast spell 'Summon Swarm'
 50883 | Vaults:4 | Noticed Xtahua
 50896 | Vaults:4 | Killed Xtahua
 51048 | Vaults:4 | XOM: noise
 51083 | Vaults:4 | XOM: god gift: scroll of summoning
 51130 | Vaults:4 | XOM: blink monster(s)
 51190 | Vaults:4 | XOM: divination: detect creatures
 51270 | Vaults:4 | XOM: scenery: 1 doors close
 51324 | Vaults:4 | XOM: god gift: 54 gold pieces
 51340 | Vaults:4 | XOM: summons 10 friendly demons
 51353 | Vaults:4 | XOM: polymorph quasit -> quasit
 51422 | Vaults:4 | Noticed Margery
 51433 | Vaults:4 | XOM: potion effect (heal wounds)
 51441 | Vaults:4 | Killed Margery
 51444 | Vaults:4 | XOM: snakes to sticks
 51453 | Vaults:4 | XOM: potion effect (berserk rage)
 51641 | Vaults:4 | XOM: fog
 51695 | Vaults:5 | Entered Level 5 of the Vaults
 51695 | Vaults:5 | Noticed Mennas
 51719 | Vaults:4 | XOM: enchant monster (good)
 51721 | Vaults:4 | XOM: summons 5 friendly demons
 51734 | Vaults:4 | XOM: summons 1 friendly demon
 51772 | Vaults:4 | Killed Mennas
 51961 | Vaults:5 | XOM: polymorph vault guard -> minotaur
 51965 | Vaults:5 | XOM: divine lightning
 51968 | Vaults:5 | XOM: fake destruction
 51984 | Vaults:5 | XOM: polymorph vault guard -> vault guard
 52034 | Vaults:5 | XOM: polymorph orc warrior -> wolf
 52134 | Vaults:5 | XOM: summons friendly white imp
 52135 | Vaults:5 | XOM: polymorph white imp -> quasit
 52137 | Vaults:5 | Reached skill level 18 in Fighting
 52319 | Vaults:5 | XOM: fog
 52319 | Vaults:5 | Paralysed by a sphinx for 7 turns
 52325 | Vaults:5 | XOM: enchant monster (good)
 52345 | Vaults:5 | Reached XP level 22. HP: 86/187 MP: 22/22
 52350 | Vaults:5 | XOM: confuse monster(s)
 52362 | Vaults:5 | XOM: divination: detect creatures
 52612 | Vaults:3 | XOM: scenery: 1 doors close
 52958 | Depths:1 | Entered Level 1 of the Depths
 52999 | Depths:1 | Found a gateway to Hell.
 52999 | Depths:1 | XOM: divination: detect creatures
 53025 | Depths:1 | XOM: divination: detect items
 53030 | Depths:1 | XOM: divination: detect items
 53034 | Depths:1 | XOM: enchant monster (good)
 53037 | Depths:1 | XOM: potion effect (might)
 53067 | Depths:1 | XOM: cast spell 'Stoneskin'
 53133 | Depths:1 | XOM: divination: detect creatures
 53138 | Depths:1 | XOM: summons friendly shadow imp
 53143 | Depths:1 | XOM: polymorph deep troll shaman -> queen ant
 53153 | Depths:1 | Paralysed by something for 5 turns
 53271 | Depths:1 | XOM: summons 16 friendly demons
 53398 | Depths:1 | XOM: 2-stop teleportation journey
 53403 | Depths:1 | XOM: harmless Divn miscast
 53412 | Depths:1 | XOM: chaos cloud
 53444 | Depths:1 | XOM: chaos cloud
 53552 | Depths:1 | XOM: blink monster(s)
 53592 | Depths:1 | XOM: smoke on damage
 53691 | Depths:1 | XOM: enchant monster (good)
 53727 | Depths:1 | XOM: silly message
 53804 | Depths:1 | XOM: enchant monster (bad)
 53816 | Depths:1 | XOM: confuse monster(s)
 53817 | Depths:1 | XOM: cast spell 'Summon Small Mammal'
 54246 | Depths:1 | XOM: cast spell 'Monstrous Menagerie'
 54272 | Depths:2 | XOM: confuse monster(s)
 54375 | Depths:2 | XOM: enchant monster (good)
 54381 | Depths:1 | XOM: cast spell 'Ring of Flames'
 54391 | Depths:1 | Reached skill level 19 in Fighting
 54415 | Depths:1 | XOM: enchant monster (good)
 54440 | Depths:1 | XOM: cast spell 'Summon Ice Beast'
 54451 | Depths:1 | XOM: divination: detect creatures
 54501 | Depths:2 | XOM: polymorph hell knight -> redback
 54539 | Depths:2 | XOM: mild Tloc miscast
 54564 | Depths:1 | XOM: mild Hex miscast
 54915 | Depths:2 | XOM: fake destruction
 55026 | Depths:2 | XOM: enchant monster (good)
 55043 | Depths:2 | Upgraded the game from 0.17-a0-1210-g1e4f09d to 0.17-a0-1248-g117de50
 55044 | Depths:2 | XOM: divination: magic mapping
 55061 | Depths:2 | XOM: cast spell 'Stoneskin'
 55081 | Depths:2 | XOM: cast spell 'Ice Form'
 55091 | Depths:2 | Upgraded the game from 0.17-a0-1248-g117de50 to 0.17-a0-1262-gd250d98
 55156 | Depths:1 | XOM: harmless Ice miscast
 55443 | Depths:1 | XOM: medium Tloc miscast
 55486 | Depths:1 | XOM: give mutation
 55486 | Depths:1 | Lost mutation: You possess an exceptional clarity of mind. [Xom's mischief]
 55702 | D:13     | XOM: polymorph sixfirhy -> rust devil
 55754 | D:13     | XOM: harmless Trmt miscast
 55952 | Vaults:3 | Bought a scroll of acquirement for 1040 gold pieces
 55965 | Vaults:3 | XOM: silly message
 56075 | Vaults:4 | XOM: noise
 56093 | Vaults:4 | Paralysed by a sphinx for 7 turns
 56180 | Vaults:5 | XOM: harmless Summ miscast
 56186 | Vaults:5 | XOM: harmless Divn miscast
 56194 | Vaults:5 | XOM: confuse monster(s)
 56219 | Vaults:5 | XOM: cast spell 'Discord'
 56295 | Vaults:5 | XOM: summons friendly ufetubus
 56350 | Vaults:5 | XOM: harmless Air miscast
 56432 | Vaults:5 | XOM: confusion (+ monsters)
 56433 | Vaults:5 | XOM: summons 8 hostile demons
 56479 | Vaults:5 | XOM: chaos cloud
 56483 | Vaults:5 | XOM: summons 11 hostile demons
 56484 | Vaults:5 | Paralysed by you for 6 turns
 56486 | Vaults:5 | HP: 3/191 [vault warden/battleaxe (22)]
 56487 | Vaults:5 | HP: 1/191 [quasit[Xom] (2)]
 56487 | Vaults:5 | Slain by a quasit

Vault maps used:
D:1:      minmay_arrival_widening_spiral_narrow
D:2:      gammafunk_temple_overflow_elements, cheibriados_altar_wand_db
D:3:      grunt_qazlal_sundering, first_bread, uniq_natasha
D:4:      temple_doors_e, serial_shops, nicolae_shop_stone, minmay_small_thing
D:5:      grunt_gozag_breadcrumbs, grunt_temple_overflow_cloverleaf,
          serial_shops, shop, nicolae_shop_statue_plus, nicolae_shop_trees,
          nicolae_shop_behind_doors, nicolae_dithmenos_the_darkroom, uniq_pikel
D:6:      serial_shops, nicolae_shop_window_shopping, uniq_blork_the_orc,
          uniq_edmund, uniq_crazy_yiuf_cottage, uniq_grinder
D:7:      uniq_menkaure
D:8:      grunt_pizzeria, minmay_crystal_water
D:9:      overflow_temple_1_default, tso_oasis_becter, serial_shops,
          nicolae_shop_stone, guppyfry_shop_venom, uniq_maurice
D:11:     grunt_lair_entry_elf_guard_hut
D:12:     david_orc_4
D:13:     erik_vaults_2, minivault_15, uniq_maud
D:14:     david_vaults_3
D:15:     grunt_enter_depths_magical_seal, serial_shops,
          nicolae_shop_behind_doors, minivault_19,
          portal_ice_cave_entry_horrid_things, hangedman_decor_opposing
Lair:1:   uniq_erica
Lair:2:   mu_elephants_graveyard, hangedman_lair_generics_rect
Lair:3:   shoals_dummy_entry, special_room, uniq_urug, uniq_snorg
Lair:4:   minmay_snake_entry_guardpost_small, eino_house_with_fridge
Lair:5:   serial_bayou_shore_b, serial_bayou_shore_b
Lair:6:   nicolae_slime_entry_slimehenge, zaba_anthell
Lair:7:   uniq_rupert
Lair:8:   evilmike_catoblepas_cave, lab_entry_generic, serial_bayou_crossing,
          grunt_megastairs_1, lemuel_fruit_tree, serial_bayou_shore_a
Shoals:2: uniq_polyphemus
Shoals:3: serial_shops, shop_coins
Shoals:4: shoals_end_hangedman, shoal_ilsuiw, uniq_mara, uniq_jorgrun
Snake:1:  fake_guardian_serpent_vault, uniq_agnes
Snake:2:  serial_bayou, serial_bayou_pond_a, serial_bayou_shore_b,
          serial_bayou_pond_b, serial_bayou_pond_d, spider_trap,
          basic_stair_grate_trap
Snake:4:  grunt_snake_rune_pools, spider_trap
Orc:1:    serial_shops, shop, mumra_transporter_accident, guppyfry_library_mini
Orc:3:    basic_altar, nicolae_orc_pool_cavern
Orc:4:    st_orc_open, basic_altar
Vaults:1: ontoclasm_vaults_loading_screen, v_misc_23, st_greater_box_3,
          grunt_vaults_diagonal, vaults_room_stairs_pillars,
          nicolae_vaults_little_squares_4, vaults_room_door_hall, v_rooms_4,
          vaults_room_fours, v_misc_4, serial_shops, nicolae_shop_waterfront
Vaults:2: nicolae_vaults_little_squares_2, grunt_vaults_focal,
          vaults_room_corners, v_misc_15, ontoclasm_vaults_shout,
          vaults_room_stairs_pillars, ontoclasm_vaults_chip, v_misc_15,
          v_misc_17, v_misc_31, serial_shops, shop
Vaults:3: v_alt_pattern_3, vaults_room_semicircle, nicolae_vaults_puzzle_piece,
          nicolae_vaults_lopsided_apartments, minmay_crypt_entry_simple_corners,
          ontoclasm_vaults_pinch, nicolae_vaults_what_the_h,
          hangedman_vaults_corner_blocks, v_rooms_5, v_misc_24,
          hangedman_vaults_impose, hangedman_vaults_stitches,
          ontoclasm_vaults_decontamination, v_misc_17, vaults_dpeg_hooks,
          nicolae_vaults_sealed_display, serial_shops, nicolae_shop_waterfront,
          nicolae_shop_stone, shop, nicolae_shop_window_shopping, shop
Vaults:4: nicolae_vaults_gold_heap, vaults_room_grid, vaults_room_hallway,
          nicolae_vaults_shelves_hall, v_pattern_3, hangedman_vaults_trim,
          hangedman_vaults_cutoff, serial_shops, shop, uniq_margery,
          uniq_sojobo, uniq_saint_roka, uniq_xtahua
Vaults:5: serial_shops, uniq_mennas
Depths:1: hell_entry, serial_bayou_pond_a, small_chamber_with_monster,
          kennysheep_generic_room_9
Depths:2: minmay_expanding_squares, minmay_misc_feat_nine_boxes, hell_entry
Lab:      labyrinth_lava_lair, labyrinth_fake_exit, nicolae_lab_arrow,
          nicolae_lab_checkerboard, lab_hedge
IceCv:    ice_cave_statue_garden_02

Action                   |  1- 3 |  4- 6 |  7- 9 | 10-12 | 13-15 | 16-18 | 19-21 | 22-24 || total
-------------------------+-------+-------+-------+-------+-------+-------+-------+-------++-------
Melee: Mace              |    92 |   156 |   132 |       |       |       |       |       ||   380
       Flail             |       |       |   222 |    99 |       |       |       |       ||   321
       Eveningstar       |       |       |       |   677 |  2191 |  2364 |  1665 |   870 ||  7767
       Morningstar       |       |       |       |    32 |       |       |       |       ||    32
       Unarmed           |       |       |       |     6 |       |       |     8 |     2 ||    16
       Demon whip        |       |       |       |       |       |       |   157 |    29 ||   186
Throw: Javelin           |       |       |     6 |    16 |    10 |       |       |       ||    32
 Abil: Breathe Fire      |       |       |       |       |       |     1 |       |       ||     1
       Stop Flying       |       |       |       |       |       |       |     1 |     1 ||     2
       Evoke Flight      |       |       |       |       |       |       |       |     1 ||     1
Evoke: Wand              |       |     7 |     5 |    10 |     5 |     5 |     6 |     2 ||    40
  Use: Scroll            |     4 |     2 |    13 |    12 |    17 |    17 |    11 |     9 ||    85
       Potion            |       |       |     2 |     4 |     3 |     5 |    10 |     6 ||    30
 Stab: Paralysed         |     1 |       |     1 |       |     4 |       |     4 |       ||    10
       Petrifying        |     1 |       |       |       |     1 |       |       |     1 ||     3
       Confused          |       |     1 |       |       |     5 |    12 |    22 |     4 ||    44
       Sleeping          |       |       |    12 |     5 |     2 |       |       |     1 ||    20
       Petrified         |       |       |     1 |     1 |       |     3 |       |       ||     5
       Distracted        |       |       |     1 |     3 |     1 |     5 |     6 |     1 ||    17
       Invisible         |       |       |       |     2 |       |    10 |     5 |     1 ||    18
       Betrayed ally     |       |       |       |       |     1 |       |       |       ||     1
  Eat: Chunk             |     1 |     4 |     5 |     3 |     3 |       |       |       ||    16
       Beef jerky        |       |     1 |     1 |     1 |     1 |     2 |     1 |       ||     7
       Meat ration       |       |       |     1 |     2 |     4 |     9 |     6 |     3 ||    25
       Pizza             |       |       |       |     8 |     1 |     1 |     2 |       ||    12
       Royal jelly       |       |       |       |       |    12 |     1 |       |       ||    13
